 Dungeon Crawl Stone Soup version 0.27-a0-1154-gfdeffcb720 (webtiles) character file.

Game seed: 8348305605800272971

37645 leviel the Brawler (level 13, 0/123 HPs)
             Began as a Troll Monk on May 14, 2021.
             Was a Believer of Jiyva.
             Slain by a yak (10 damage)
             ... led by a torpor snail
             ... on level 5 of the Lair of Beasts on May 15, 2021.
             The game lasted 00:24:03 (11694 turns).

leviel the Brawler (Troll Monk)                    Turns: 11694, Time: 00:24:05

Health: 0/123      AC:  7    Str: 25    XL:     13   Next: 59%
Magic:  12/12      EV: 14    Int:  6    God:    Jiyva [**....]
Gold:   642        SH: 11    Dex: 19    Spells: 12/12 levels left

rFire    . . .     SeeInvis +     - Unarmed
rCold    . . .     Faith    .   c - +0 kite shield
rNeg     . . .     Spirit   .   a - +2 robe
rPois    +         Reflect  .   (helmet restricted)
rElec    .         Harm     .   h - +0 cloak
rCorr    .         Rampage  .   (gloves unavailable)
Will     .....                  (boots unavailable)
Stlth    ++........             (no amulet)
HPRegen  1.30/turn              b - ring of the Cicada {rPois Dex+6}
MPRegen  0.13/turn              w - ring of see invisible

@: about to teleport, slowed, studying Evocations, very slow
A: large, unfitting armour, claws 3, regeneration 1, shaggy fur 1, tough skin 1
a: Renounce Religion, Request Jelly


You were on level 5 of the Lair of Beasts.
You worshipped Jiyva.
Jiyva was pleased with you.
You visited 3 branches of the dungeon, and saw 15 of its levels.
You also visited: Bailey.

You collected 642 gold pieces.

Inventory:

Missiles
 e - 29 boomerangs
 x - a throwing net
Armour
 a - a +2 robe (worn)
 c - a +0 kite shield (worn)
 h - a +0 cloak (worn)
Jewellery
 b - the ring of the Cicada (left claw) {rPois Dex+6}
   (You acquired it on level 2 of the Dungeon)

   [ring of dexterity]

   It affects your dexterity (+6).
   It protects you from poison.
 l - a +6 ring of strength
 o - a ring of poison resistance
 v - a ring of resist corrosion
 w - a ring of see invisible (right claw)
 A - the ring of Hikhlona {Int+4 SInv}
   (You found it in a bailey)

   [ring of see invisible]

   It affects your intelligence (+4).
   It lets you see invisible.
Wands
 j - a wand of polymorph (29)
 u - a wand of paralysis (3)
 C - a wand of flame (4) (quivered)
 D - a wand of charming (10)
 I - a wand of digging (6)
Scrolls
 g - 5 scrolls of noise
 i - 6 scrolls of identify {@r1}
 k - 5 scrolls of immolation
 r - 3 scrolls of teleportation
 B - a scroll of magic mapping
 E - a scroll of enchant weapon {@r3}
 F - a scroll of silence {unknown}
 H - a scroll of vulnerability {unknown}
 J - a scroll of acquirement
Potions
 d - a potion of curing
 f - 3 potions of flight
 m - a potion of resistance
 n - 2 potions of attraction
 p - 4 potions of haste
 q - a potion of mutation
 s - 2 potions of magic {unknown}
 t - 5 potions of brilliance {unknown}
 z - 2 potions of heal wounds {unknown}
 G - a potion of lignification {unknown}
Miscellaneous
 y - a piece from Xom's chessboard (15/15)


   Skills:
 - Level 6.8 Fighting
 * Level 9.7 Throwing
 - Level 8.5 Dodging
 - Level 1.0 Stealth
 + Level 6.2 Shields
 + Level 16.6 Unarmed Combat
 + Level 5.9 Evocations


You had 12 spell levels left.
You didn't know any spells.
Your spell library contained the following spells:

 Spells                   Type           Power      Damage    Failure   Level
 Animate Skeleton         Necr           0%         N/A       65%         1
 Pain                     Necr           0%         1d4       65%         1
 Sting                    Tmut/Pois      0%         1d3       65%         1
 Passwall                 Tmut/Erth      0%         N/A       80%         2
 Poisonous Vapours        Pois/Air       0%         N/A       80%         2
 Conjure Flame            Conj/Fire      0%         6-21      95%         3
 Ignite Poison            Fire/Tmut/Pois 0%         N/A       95%         3
 Mephitic Cloud           Conj/Pois/Air  0%         N/A       95%         3
 Swiftness                Air            0%         N/A       95%         3
 Vampiric Draining        Necr           0%         2d6       95%         3
 Animate Dead             Necr           0%         N/A       100%        4
 Olgreb's Toxic Radiance  Pois           0%         N/A       100%        4
 Passage of Golubria      Tloc           N/A        N/A       100%        4
 Agony                    Necr           0%         N/A       100%        5
 Lee's Rapid Deconstruct  Erth           0%         3d5*      100%        5
 Freezing Cloud           Conj/Ice/Air   0%         6-21      100%        6
 Invisibility             Hex            0%         N/A       100%        6


Dungeon Overview and Level Annotations

Branches:
Dungeon (9/15)             Temple (1/1) D:5            Lair (5/6) D:8
 Shoals (0/4) Lair:3        Snake (0/4) Lair:4        Slime (0/5) Lair:5
 Bailey (visited)
    Orc: D:9-12

Altars:
Ashenzari
Cheibriados
Dithmenos
Elyvilon
Fedhas
Gozag
Hepliaklqana
Kikubaaqudgha
Makhleb
Nemelex Xobeh
Okawaru
Qazlal
Ru
Sif Muna
Trog
Uskayaw
Vehumet
Wu Jian
Xom
Yredelemnul
The Shining One
Jiyva
Lugonu

Shops:
D:6 [   D:7 =

Annotations:
Lair:1 exclusion: 2 oklob plants
Lair:2 2 transporters, exclusions: ice statue and oklob plant, Zihow's ghost, journeyman DgIE
Lair:4 1 runed translucent door


Innate Abilities, Weirdness & Mutations

You are too large for most types of armour.
You have claws for hands.
Your natural rate of healing is unusually fast.
You are covered in fur. (AC +1)
You have tough skin. (AC +1)


Message History

You scratch the yak but do no damage. The torpor snail completely misses you.
The yak completely misses you. You block the yak's attack.
You block the yak's attack. The yak completely misses you.
You barely miss the torpor snail. The rime drake breathes ice at you.
The flash freeze hits you!
You are encased in ice.
You block the yak's attack. The yak gores you. The torpor snail bites you!
The rime drake bites you but does no damage.
The ice encasing you melts away. The torpor snail bites you. The yak gores you.
The yak completely misses you. You block the torpor snail's attack.
The yak closely misses you. The yak gores you! x2
The yak closely misses you. The torpor snail closely misses you.
Found 17 gold pieces.
You see here a scroll of acquirement.
J - a scroll of acquirement You block the yak's attack.
The yak gores you!
The rime drake bites you but does no damage.
You block the torpor snail's attack. The yak barely misses you.
You block the yak's attack. The yak gores you.
The rime drake breathes ice at you. The flash freeze hits you!!
* * * LOW HITPOINT WARNING * * *
You are encased in ice.
The ice encasing you melts away.
The rime drake bites you but does no damage.
You block the yak's attack. You block the torpor snail's attack.
The rime drake bites you.
* * * LOW HITPOINT WARNING * * *
Found a scroll of identify.
As you read the scroll of teleportation, it crumbles to dust.
You feel strangely unstable. You block the yak's attack. The yak gores you!
* * * LOW HITPOINT WARNING * * *
The rime drake bites you but does no damage.
The yak gores you!
* * * LOW HITPOINT WARNING * * *
You block the yak's attack. The yak gores you!
You die...

........###.# #
.......>....#### .#
...(..#......#P##.##?
.....#...†...........
....#.#..............
.>..##.#.............
?.. ##..............
#. #......wkY......
#......Y@....$..
###....YY.......
#.............
####..........
#.......^..
#..........
#........P#
.#......###


You could see a torpor snail, 4 yaks and a rime drake.

Vanquished Creatures
  An orc warlord (Bailey)
  A hydra (Lair:3)
  A two-headed ogre (D:8)
  A skeletal warrior (D:7)
  An oklob plant (Lair:1)
  A manticore (D:7)
  5 black mambas
  10 elephants (Lair:3)
  A merfolk siren (Lair:3)
  11 cane toads
  6 komodo dragons
  2 rime drakes
  12 blink frogs
  3 wyverns
  3 basilisks
  2 steam dragons
  40 yaks
  10 water moccasins
  3 nagas (Lair:4)
  6 orc warriors
  2 sky beasts (D:7)
  2 black bears
  An ice beast (D:7)
  4 necrophages
  14 wolves
  2 ogres
  2 kobold brigands
  13 bullfrogs
  3 gnoll sergeants
  A wyvern zombie (D:7)
  5 scorpions
  A water moccasin zombie (D:7)
  10 wights
  An electric eel (Lair:1)
  2 howler monkeys
  A bullfrog zombie (D:6)
  A centaur zombie (D:6)
  5 hounds
  2 jellies (D:7)
  4 orc priests
  2 centaur skeletons
  2 iguanas
  4 orc wizards
  2 hound skeletons
  7 gnolls
  8 adders
  A shadow imp (D:5)
  A white imp (D:6)
  An ufetubus (D:6)
  3 adder skeletons
  4 dart slugs
  2 worms
  19 orcs
  6 endoplasms
  5 giant cockroaches
  10 goblins
  10 hobgoblins
  8 jackals
  25 kobolds
  2 quokkas (D:1)
  9 ball pythons
  3 bats
  5 frilled lizards
  4 rats
  A butterfly (Temple)
340 creatures vanquished.

Vanquished Creatures (others)
  A shadow imp (D:5)
  10 fungi
  20 plants
  8 toadstools (Lair:4)
39 creatures vanquished.

Grand Total: 379 creatures vanquished

Notes
Turn   | Place    | Note
-------+----------+-------------------------------------------
     0 | D:1      | leviel the Troll Monk began the quest for the Orb.
     0 | D:1      | Reached XP level 1. HP: 22/22 MP: 0/0
    38 | D:1      | Found a faded altar of an unknown god.
    78 | D:1      | Reached XP level 2. HP: 23/29 MP: 1/1
   365 | D:1      | Reached XP level 3. HP: 36/36 MP: 2/2
   834 | D:2      | Identified a scroll of acquirement
   834 | D:2      | Acquired the ring of the Cicada {rPois Dex+6}
  1033 | D:2      | Reached XP level 4. HP: 45/45 MP: 3/3
  1355 | D:3      | Reached skill level 4 in Unarmed Combat
  1445 | D:3      | Found a shadowy altar of Dithmenos.
  1854 | D:4      | Reached XP level 5. HP: 53/53 MP: 4/4
  1863 | D:4      | Noticed an ogre
  1911 | D:4      | Found a glowing golden altar of the Shining One.
  1916 | D:4      | Killed an ogre
  1917 | D:4      | Reached skill level 5 in Unarmed Combat
  1967 | D:4      | Reached XP level 6. HP: 61/61 MP: 5/5
  2264 | D:4      | You fall into a shaft and drop 3 floors!
  2264 | D:7      | Found an iron altar of Okawaru.
  2264 | D:7      | Found a hazy altar of Hepliaklqana.
  2267 | D:7      | Found a shimmering altar of Xom.
  2296 | D:7      | Found Omnesat's Jewellery Shoppe.
  2297 | D:7      | Noticed a sky beast
  2311 | D:6      | Reached XP level 7. HP: 59/68 MP: 6/6
  2409 | D:6      | Reached skill level 6 in Unarmed Combat
  2455 | D:5      | Entered Level 5 of the Dungeon
  2482 | D:5      | Found a staircase to the Ecumenical Temple.
  2546 | Temple   | Entered the Ecumenical Temple
  2648 | D:5      | Found a hide-covered altar of Uskayaw.
  2737 | D:5      | Reached skill level 7 in Unarmed Combat
  2856 | D:5      | Found a burning altar of Makhleb.
  3267 | D:5      | Noticed a steam dragon
  3281 | D:5      | Killed a steam dragon
  3282 | D:5      | Reached XP level 8. HP: 48/79 MP: 7/7
  3649 | D:6      | Acquired a manual of Unarmed Combat
  3694 | D:6      | Found Adoriffi's Antique Armour Boutique.
  3851 | D:6      | Reached skill level 1 in Shields
  3851 | D:6      | Reached skill level 8 in Unarmed Combat
  3940 | D:6      | Reached skill level 5 in Fighting
  3940 | D:6      | Reached skill level 5 in Dodging
  4006 | D:6      | Found a basalt altar of Yredelemnul.
  4108 | D:6      | Found a white marble altar of Elyvilon.
  4186 | D:7      | Reached skill level 9 in Unarmed Combat
  4247 | D:7      | Found a radiant altar of Vehumet.
  4328 | D:7      | Reached XP level 9. HP: 73/88 MP: 8/8
  4444 | D:7      | Reached skill level 10 in Unarmed Combat
  4669 | D:7      | Noticed a skeletal warrior
  4680 | D:7      | Killed a skeletal warrior
  4681 | D:7      | Reached skill level 11 in Unarmed Combat
  4730 | D:7      | Noticed a manticore
  4737 | D:7      | Killed a manticore
  4841 | D:7      | Reached XP level 10. HP: 98/98 MP: 9/9
  4912 | D:8      | Found a staircase to the Lair.
  4927 | D:7      | Reached skill level 12 in Unarmed Combat
  5092 | D:8      | Found a stormy altar of Qazlal.
  5293 | D:8      | Reached skill level 13 in Unarmed Combat
  5352 | D:8      | Found a flagged portal.
  5361 | Bailey   | Entered a bailey
  5366 | Bailey   | Noticed an orc warlord
  5425 | Bailey   | Found a runed translucent gate.
  5425 | Bailey   | Found a runed translucent gate.
  5448 | Bailey   | Found a runed translucent gate.
  5603 | Bailey   | Killed an orc warlord
  5628 | Bailey   | Identified the ring of Hikhlona {Int+4 SInv}
  5636 | Bailey   | Acquired a manual of Evocations
  5638 | Bailey   | Reached skill level 5 in Shields
  5638 | Bailey   | Reached skill level 15 in Unarmed Combat
  5638 | Bailey   | Reached XP level 11. HP: 107/107 MP: 10/10
  5830 | D:8      | Found a broken altar of Ashenzari.
  6098 | D:9      | Noticed a two-headed ogre
  6103 | D:8      | Killed a two-headed ogre
  6270 | Lair:1   | Entered Level 1 of the Lair of Beasts
  6333 | Lair:1   | Reached XP level 12. HP: 115/115 MP: 11/11
  6372 | Lair:1   | Reached skill level 1 in Throwing
  7530 | Lair:2   | Reached skill level 5 in Throwing
  7624 | Lair:2   | Noticed a six-headed hydra
  7624 | Lair:2   | Noticed Zihow's ghost (journeyman DgIE)
  7628 | Lair:2   | Noticed an eight-headed hydra
  7727 | Lair:2   | Found a transporter.
  7751 | Lair:2   | Found a transporter.
  8276 | Lair:3   | Noticed an eight-headed hydra
  8546 | Lair:3   | Reached skill level 16 in Unarmed Combat
  8870 | Lair:3   | Noticed an eight-headed hydra
  8885 | Lair:3   | Killed a ten-headed hydra
  9276 | Lair:3   | Reached XP level 13. HP: 61/123 MP: 12/12
  9516 | Lair:3   | Found a staircase to the Shoals.
 10486 | Lair:4   | Reached skill level 5 in Evocations
 10650 | Lair:4   | Found a runed translucent door.
 11018 | Lair:4   | Found a staircase to the Snake Pit.
 11606 | Lair:5   | Found a staircase to the Slime Pits.
 11611 | Lair:5   | Found a viscous altar of Jiyva.
 11641 | Lair:5   | Became a worshipper of Jiyva Jeisopt the Shapeless
 11641 | Lair:5   | Reached * piety under Jiyva
 11641 | Lair:5   | Reached ** piety under Jiyva
 11694 | Lair:5   | Slain by a yak

Illustrated notes

Levels and vault maps discovered:
D:1:      minmay_arrival_open_corners, layout_rooms,
          chequers_ecumenical_altar_simple_redux, hangedman_decor_peaks_small,
          st_stairs_14
D:2:      layout_loops_ring, minivault_24
D:3:      layout_loops_cross, grunt_dithmenos_smoke
D:4:      layout_rooms, lemuel_round_altar
D:5:      layout_loops_ring, kennysheep_mini_moat, lightli_temple_of_fire,
          minmay_temple_entry_butterflies, chequers_serial_rivers_micro_c,
          kennysheep_generic_room_5
D:6:      layout_cave_pods, kennysheep_ying_yang, serial_shops, shop
D:7:      minmay_spotlight, layout_rooms, nicolae_vehumet_radiance, minitemple,
          serial_shops, nicolae_shop_statue_plus, kb_rosetta
D:8:      layout_cave_pools, nicolae_ashenzari_panopticon,
          nicolae_qazlal_style_of_elements, minmay_lair_entry_grove,
          enter_bailey_3, minmay_chambers_of_fives
D:9:      layout_rooms, minivault_20
Temple:   corrupted_temple
Lair:1:   layout_regular_city, chequers_serial_rivers_room_a,
          grunt_megastairs_1, minmay_lair_oklob_chamber,
          infiniplex_staircase_pool
Lair:2:   layout_hall_layers, nzn_ghost_randoct,
          grunt_forest_small_clearing_treed, lemuel_fruit_fields,
          infiniplex_staircase_pool_2, lemuel_fruit_tree
Lair:3:   layout_regular_city, minmay_shoals_entry_lonely_mermaid,
          grunt_megastairs_5
Lair:4:   gammafunk_lair_enchanted_lake, layout_layer_cave,
          guppyfry_snake_entry_garden, grunt_megastairs_2
Lair:5:   layout_cave_pods, slime_altar_1, lemuel_fruit_fields, uniq_urug

Skill      XL: |  1  2  3  4  5  6  7  8  9 10 11 12 13 |
---------------+----------------------------------------+-----
Fighting       | 3 4 5 6 |  6.8
Dodging        | 3 4 5 6 8 |  8.5
Unarmed Combat | 4 5 7 9 11 15 16 | 16.6
Shields        | 2 3 5 6 |  6.2
Evocations     | 3 5 |  5.9
Throwing       | 8 9 |  9.7
Stealth        | |  1.0

Action                   |  1- 3 |  4- 6 |  7- 9 | 10-12 | 13-15 || total
-------------------------+-------+-------+-------+-------+-------++-------
Melee: Unarmed           |    99 |   100 |   232 |   391 |   236 ||  1058
       Punch             |     1 |       |     1 |       |       ||     2
Throw: Boomerang         |       |       |       |    76 |       ||    76
       Dart              |       |       |       |     1 |       ||     1
Evoke: Wand              |       |       |       |     1 |     8 ||     9
  Use: Scroll            |     6 |     6 |     5 |     6 |     2 ||    25
       Potion            |       |       |     1 |     2 |     1 ||     4
 Stab: Sleeping          |     3 |     6 |     4 |       |     4 ||    17
       Invisible         |       |       |       |     3 |       ||     3
       Distracted        |       |       |       |     1 |       ||     1
Armor: Robe              |    37 |    32 |    79 |    76 |    35 ||   259
Dodge: Dodged            |    46 |    66 |   103 |   214 |   119 ||   548
Block: Kite shield       |       |       |    67 |   212 |   113 ||   392

Table legend: (Time is in decaauts)
 A = Elapsed time spent in this place.
 B = Non-inter-level travel time spent in this place.
 C = Inter-level travel time spent in this place.
 D = Time resting spent in this place.
 E = Time spent auto-exploring this place.
 F = Levels seen in this place.
 G = Mean time per level.
                   A        B        C        D        E       F      G
               +--------+--------+--------+--------+--------+-----+--------+
         Total |  11669 |  11168 |    501 |   1555 |   7270 |  16 |  729.3 |
       Dungeon |   5864 |   5535 |    329 |    461 |   3819 |   9 |  651.6 |
        Temple |     44 |     30 |     14 |      0 |     29 |   1 |   44.0 |
          Lair |   5410 |   5252 |    158 |   1094 |   3297 |   5 | 1082.0 |
        Bailey |    349 |    349 |      0 |      0 |    124 |   1 |  349.0 |
               +--------+--------+--------+--------+--------+-----+--------+

Top non-repeatable levels by time:
  Lair:3: 1655 daAuts
  Lair:4: 1220 daAuts
  Lair:2: 1121 daAuts
  Lair:1: 1068 daAuts
     D:5: 970 daAuts
     D:7: 932 daAuts
     D:8: 869 daAuts
     D:6: 758 daAuts
     D:2: 685 daAuts
     D:3: 559 daAuts
     D:4: 546 daAuts
     D:1: 540 daAuts
  Bailey: 349 daAuts
  Lair:5: 344 daAuts
  Temple: 44 daAuts
